AoeStats
← descof

Scandinavia

510515018Analyzed
1v1 RM · 15h ago on Oct 1, 2026· 52m 48s· 2 players
Game mode
Random Map
Map size
Tiny (2 player)
Population
200
Speed
Normal
Resources
Standard
Victory
Conquest
Starting age
Dark Age
Ending age
Imperial Age
RankedLock teamsTeams togetherTeam positionsShared explorationLock speedFull tech treeHidden civsTurbo modeCheats
Victory
Defeat
🇦🇷 Celts · Argentina
1327
+14
🇫🇷 Saracens · France
1285
-14
descof
5:22 Loom
11:18 Feudal Age
17:03 Castle Age
16:01 Double-Bit Axe
25:47 Forging
30:47 Wheelbarrow
30:22 Horse Collar
37:23 Imperial Age
34:56 Gold Mining
36:14 Town Watch
38:04 Fletching
42:30 Elite Skirmisher
43:24 Bodkin Arrow
44:05 Conscription
46:29 Hand Cart
YDRL
2:42 Loom
12:01 Feudal Age
12:58 Town Watch
12:59 Double-Bit Axe
19:15 Castle Age
17:25 Scale Mail Armor
17:42 Man-at-Arms
18:33 Fletching
19:21 Horse Collar
19:32 Gold Mining
19:59 Long Swordsman
20:05 Long Swordsman
21:17 Bow Saw
23:24 Chain Mail Armor
25:48 Medium Warships
27:45 Pikeman
29:58 Fishing Lines
32:55 Crossbowman
34:32 Ballistics
35:28 Guard Tower
36:09 Bodkin Arrow
38:42 Padded Archer Armor
47:27 Imperial Age
45:47 Forging
45:54 Leather Archer Armor
47:04 Elite Skirmisher
49:21 Chemistry
49:46 Conscription
51:56 Capped Ram
53:31 Plate Mail Armor
52:57 Gillnets
Connection lost

Rejoining the realm…

Still unreachable

The connection could not be restored.

Session expired

The server has moved on; the page needs a fresh start.